 Dungeon Sprint DCSS version 0.27-a0-1281-ge233d83751 (webtiles) character file.

Game seed: 9920562927941869283

2079 mhtbhm the Basher (level 9, -6/102 HPs)
             Began as a Gargoyle Berserker on June 13, 2021.
             Was a High Priest of Trog.
             Mangled by a tentacle (14 damage)
             ... attached to a kraken
             ... in the Dungeon (Sprint II: "The Violet Keep of Menkaure").
             The game lasted 00:03:05 (1085 turns).

mhtbhm the Basher (Gargoyle Berserker)              Turns: 1085, Time: 00:03:05

Health: -6/102     AC: 18    Str: 24    XL:     9   Next: 26%
Magic:  9/9        EV: 10    Int:  8    God:    Trog [*****.]
Gold:   341        SH:  0    Dex:  9    Spells: 8/8 levels left

rFire    + . .     SeeInvis .   a - +4 great mace (flame)
rCold    + . .     Faith    .   (shield currently unavailable)
rNeg     + + .     Spirit   .   b - +2 chain mail {rC+}
rPois    ∞         Reflect  .   (no helmet)
rElec    +         Harm     .   (no cloak)
rCorr    .         Rampage  .   (no gloves)
Will     .....     NoTele   +   (no boots)
Stlth    ..........             (no amulet)
HPRegen  0.27/turn              i - ring of protection from fire
MPRegen  0.11/turn              j - ring of positive energy

@: berserking, quick
A: sickness immunity, AC +6, negative energy resistance 1, electricity
resistance, torment resistance 1, petrification resistance
a: Renounce Religion, Berserk, Trog's Hand, Brothers in Arms


You were in the Dungeon.
You worshipped Trog.
Trog was extremely pleased with you.
You visited 1 branch You collected 1053 gold pieces.
You spent 712 gold pieces at shops.

Inventory:

Hand Weapons
 a - a +4 great mace of flaming (weapon)
Armour
 b - a +2 chain mail of cold resistance (worn)
Jewellery
 i - a ring of protection from fire (left hand)
 j - a ring of positive energy (right hand)
Scrolls
 h - 2 scrolls of blinking
Potions
 c - a potion of curing
 e - a potion of haste
 f - 2 potions of magic
 g - a potion of berserk rage


   Skills:
 + Level 13.0 Fighting
 + Level 13.6 Maces & Flails
 + Level 6.8 Armour
 + Level 6.2 Dodging
 + Level 2.3 Stealth


You had 8 spell levels left.
You didn't know any spells.
Your spell library was empty.

Dungeon Overview and Level Annotations

Branches:
Dungeon (1/1)

Altars:
Cheibriados
Dithmenos
Elyvilon
Fedhas
Gozag
Hepliaklqana
Kikubaaqudgha
Makhleb
Qazlal
Ru
Sif Muna
Trog
Wu Jian
Xom
Beogh
Jiyva
Lugonu

Shops:
D !:=(:!?[*[[[=?[

Annotations:
D exclusion: oklob plant


Innate Abilities, Weirdness & Mutations

You are immune to sickness and miasma.
Your stone body is resilient. (AC +6)
You are immune to poison.
You resist negative energy. (rN+)
You are resistant to electric shocks. (rElec)
You are resistant to unholy torment.
You are immune to petrification.


Message History

Tentacles burst out of the water!
A tentacle comes into view.
You hammer the tentacle like a gong!!! You burn the tentacle!
You kill the tentacle!
A tentacle rises from the water!
The tentacle misses you. The tentacle slaps you.
Unknown command.
Your unstable footing causes you to fumble your attack.
The tentacle slaps you. The tentacle slaps you!
Unknown command.
A red film seems to cover your vision as you go berserk!
You feel yourself moving faster!
You feel mighty!
The tentacle slaps you but does no damage.
Your unstable footing causes you to fumble your attack.
The tentacle slaps you.
You closely miss the tentacle. The tentacle slaps you!
The tentacle slaps you but does no damage.
Your unstable footing causes you to fumble your attack.
The tentacle slaps you!
You barely miss the tentacle. The tentacle barely misses you.
You bludgeon the tentacle!! You burn the tentacle!
The tentacle is almost dead.
The tentacle slaps you!
You sock the tentacle! You burn the tentacle.
You kill the tentacle!
You thump the tentacle! You burn the tentacle.
The tentacle is moderately wounded.
The tentacle slaps you!
* * * LOW HITPOINT WARNING * * *
Your unstable footing causes you to fumble your attack.
The tentacle slaps you!
* * * LOW HITPOINT WARNING * * *
The tentacle barely misses you.
You thump the tentacle! You burn the tentacle.
The tentacle is heavily wounded.
A tentacle rises from the water!
The tentacle barely misses you.
Unknown command.
Your unstable footing causes you to fumble your attack.
The tentacle slaps you!
You die...

#. +.### [▓|)!$$$!(▓▓
.^.####▓$($:(!$[▓▓ #
#.^##.#▓(???!=$!▓▓ #
+..#..#▓![?)[))!▓▓ #
#..#..#▓)$$?)($$▓▓
####..##)#▓):?[$(!$▓▓
..###...##▓▓▓▓▓▓▓+▓▓▓▓+▓
....≈≈≈≈≈≈≈≈≈≈≈≈@w──X≈≈▓
§...≈#+########+###www≈▓
≈§..≈#....._..#S≈≈# ≈≈▓
≈≈≈.≈#...._._.#§§§§ ▓
≈≈≈≈≈#..._._._#§§≈§
≈≈≈≈≈#.._._._.#≈≈≈§§
≈≈≈≈≈#._._._._#≈≈§§§
###≈≈#_._._._.#≈≈§≈≈


You could see a kraken and 4 tentacles.

Vanquished Creatures
  A yaktaur (D)
  3 polar bears (D)
  A hornet (D)
  2 wyverns (D)
  Menkaure (D)
  4 necrophages (D)
  4 scorpions (D)
  A hell rat (D)
  3 worms (D)
  2 tentacles (D)
22 creatures vanquished.

Vanquished Creatures (others)
  A water moccasin (D)
1 creature vanquished.

Grand Total: 23 creatures vanquished

Notes
Turn   | Place    | Note
-------+----------+-------------------------------------------
     0 | D        | mhtbhm the Gargoyle Berserker began the quest for the Orb.
     0 | D        | Reached XP level 1. HP: 14/14 MP: 1/1
     8 | D        | Reached XP level 2. HP: 20/20 MP: 2/2
    27 | D        | Killed a water moccasin
    88 | D        | Noticed an electric eel
    88 | D        | Noticed an electric eel
    88 | D        | Noticed an electric eel
    88 | D        | Noticed an electric eel
    89 | D        | Noticed an electric eel
    94 | D        | Reached ** piety under Trog
   107 | D        | Noticed a necrophage
   107 | D        | Noticed a necrophage
   107 | D        | Noticed a necrophage
   107 | D        | Noticed a necrophage
   112 | D        | Killed a necrophage
   113 | D        | Reached XP level 3. HP: 28/28 MP: 3/3
   113 | D        | Reached XP level 4. HP: 32/32 MP: 4/4
   116 | D        | Killed a necrophage
   117 | D        | Reached XP level 5. HP: 39/39 MP: 5/5
   120 | D        | Killed a necrophage
   120 | D        | Reached *** piety under Trog
   121 | D        | Reached XP level 6. HP: 45/45 MP: 6/6
   124 | D        | Killed a necrophage
   171 | D        | Noticed a wyvern
   171 | D        | Noticed a wyvern
   177 | D        | Killed a wyvern
   178 | D        | Reached skill level 10 in Fighting
   178 | D        | Reached skill level 10 in Maces & Flails
   178 | D        | Reached skill level 5 in Armour
   178 | D        | Reached XP level 7. HP: 49/53 MP: 7/7
   182 | D        | Killed a wyvern
   401 | D        | Reached **** piety under Trog
   408 | D        | Reached skill level 5 in Dodging
   414 | D        | Reached XP level 8. HP: 60/60 MP: 8/8
   488 | D        | Found Asmiss's Jewellery Shoppe.
   488 | D        | Found Fiwosh's Magic Scroll Shoppe.
   488 | D        | Found Ameeseq's Antique Armour Emporium.
   488 | D        | Found Ufraasog's Armour Emporium.
   488 | D        | Found Rocimn's General Store.
   488 | D        | Found Teesai's Antique Armour Shoppe.
   489 | D        | Found Gire's Antique Armour Shoppe.
   489 | D        | Found Voacac's Magic Scroll Emporium.
   490 | D        | Found Gallom's Distillery.
   490 | D        | Found Kerunuat's Book Emporium.
   491 | D        | Found Pytawkep's Antique Armour Emporium.
   652 | D        | Noticed a hell hog
   652 | D        | Noticed a hell hog
   653 | D        | Found Yloojeem's Antique Weapon Shoppe.
   653 | D        | Found Pehuk's Jewellery Emporium.
   653 | D        | Noticed Menkaure
   653 | D        | Noticed an oklob plant
   654 | D        | Found Xeunutsaryi's Distillery.
   654 | D        | Found Ifysiam's Book Shoppe.
   654 | D        | Noticed a cane toad
   657 | D        | Noticed a cane toad
   668 | D        | Killed Menkaure
   668 | D        | Reached ***** piety under Trog
   669 | D        | Reached skill level 1 in Stealth
   709 | D        | Noticed a great orb of eyes
   733 | D        | Bought a runed chain mail for 180 gold pieces
   750 | D        | Bought a ring of protection from fire for 250 gold pieces
   753 | D        | Bought a scroll of blinking for 82 gold pieces
   769 | D        | Bought a ring of positive energy for 200 gold pieces
   796 | D        | Found a blossoming altar of Fedhas.
   796 | D        | Found an opulent altar of Gozag.
   797 | D        | Found a white marble altar of Elyvilon.
   797 | D        | Found a burning altar of Makhleb.
   798 | D        | Found a shadowy altar of Dithmenos.
   798 | D        | Found a corrupted altar of Lugonu.
   799 | D        | Found a snail-covered altar of Cheibriados.
   799 | D        | Found an ancient bone altar of Kikubaaqudgha.
   799 | D        | Found a bloodstained altar of Trog.
   800 | D        | Found a viscous altar of Jiyva.
   800 | D        | Found a shimmering blue altar of Sif Muna.
   801 | D        | Found a hazy altar of Hepliaklqana.
   801 | D        | Found a sacrificial altar of Ru.
   803 | D        | Found a stormy altar of Qazlal.
   803 | D        | Found an ornate altar of the Wu Jian Council.
   804 | D        | Noticed a yaktaur
   804 | D        | Noticed a hornet
   804 | D        | Noticed a polar bear
   804 | D        | Noticed a polar bear
   810 | D        | Killed a polar bear
   814 | D        | Noticed a polar bear
   820 | D        | Killed a polar bear
   820 | D        | Received a gift from Trog
   825 | D        | Killed a hornet
   833 | D        | Killed a polar bear
   834 | D        | Reached XP level 9. HP: 33/67 MP: 9/9
   848 | D        | Killed a yaktaur
  1064 | D        | Found a shimmering altar of Xom.
  1070 | D        | Noticed a kraken
  1085 | D        | Mangled by a tentacle

Illustrated notes

Levels and vault maps discovered:
D:        the_violet_keep_of_menkaure [sprint2_stairs_cluster_1,
          sprint2_shoproom, sprint2_temple, sprint2_basic_supplies,
          sprint2_obstacle_3, sprint2_obstacle_4, sprint2_obstacle_7,
          sprint2_obstacle_2, sprint2_obstacle_5, sprint2_timed_cluster_1,
          sprint2_smallroom_cluster_1, sprint2_smallroom_final_cluster_1,
          sprint2_transparent_cluster_1, sprint2_second_timed_cluster_1,
          sprint2_sniper_area_1, sprint2_heavy_combat_area_1,
          sprint2_mutation_trap_area_1, sprint2_forest_area_1,
          sprint2_light_combat_area_1, sprint2_behind_water_1,
          sprint2_near_end_vault_1]

Skill      XL: |  1  2  3  4  5  6  7  8  9 |
---------------+----------------------------+-----
Fighting       | 4 6 8 10 11 12 13 | 13.0
Maces & Flails | 6 7 8 10 11 13 | 13.6
Armour         | 3 4 5 6 |  6.8
Dodging        | 2 3 4 5 6 |  6.2
Stealth        | 2 |  2.3

Action                   |  1- 3 |  4- 6 |  7- 9 || total
-------------------------+-------+-------+-------++-------
Melee: Mace              |    12 |    17 |    69 ||    98
       Great mace        |       |       |    12 ||    12
Invok: Berserk           |     2 |     1 |     4 ||     7
       Brothers in Arms  |       |       |     1 ||     1
  Use: Potion            |       |       |     1 ||     1
Armor: Animal skin       |     1 |     4 |     2 ||     7
       Chain mail        |       |       |    17 ||    17
Dodge: Dodged            |     3 |     4 |    31 ||    38

Table legend: (Time is in decaauts)
 A = Elapsed time spent in this place.
 B = Non-inter-level travel time spent in this place.
 C = Inter-level travel time spent in this place.
 D = Time resting spent in this place.
 E = Time spent auto-exploring this place.
 F = Levels seen in this place.
 G = Mean time per level.
                   A        B        C        D        E       F      G
               +--------+--------+--------+--------+--------+-----+--------+
         Total |   1118 |   1118 |      0 |    810 |      1 |   1 | 1118.0 |
       Dungeon |   1118 |   1118 |      0 |    810 |      1 |   1 | 1118.0 |
               +--------+--------+--------+--------+--------+-----+--------+

Top non-repeatable levels by time:
       D: 1118 daAuts
